 Dungeon Crawl Stone Soup version 0.27.1-2-g3b301248ec (webtiles) character file.

Game seed: 14457877302352516790

1633 Rickety the Stinger (level 8, -2/60 HPs)
             Began as a Gnoll Venom Mage on Sept 24, 2021.
             Slain by a bullfrog (4 damage)
             ... on level 6 of the Dungeon.
             The game lasted 00:17:50 (7836 turns).

Rickety the Stinger (Gnoll Venom Mage)              Turns: 7836, Time: 00:17:50

Health: -2/60      AC:  8    Str:  7    XL:     8   Next: 98%
Magic:  17/17      EV: 14    Int: 16    God:
Gold:   130        SH:  5    Dex: 14    Spells: 13/19 levels left

rFire    . . .     SeeInvis .   b - +0 battleaxe
rCold    . . .     Faith    .   (shield currently unavailable)
rNeg     . . .     Spirit   .   d - +0 robe
rPois    +         Reflect  +   (no helmet)
rElec    .         Harm     .   (no cloak)
rCorr    .         Rampage  .   C - +1 pair of gloves
Will     .....                  (no boots)
Stlth    +++.......             s - amulet of reflection
HPRegen  0.20/turn              n - ring of poison resistance
MPRegen  0.15/turn              q - +4 ring of protection

@: no status effects
A: fangs 1, strong nose, distributed training
a: no special abilities


You were on level 6 of the Dungeon.
You visited 1 branch of the dungeon, and saw 6 of its levels.

You collected 218 gold pieces.
You spent 88 gold pieces at shops.

Inventory:

Hand Weapons
 a - a +0 dagger of venom
 b - a +0 battleaxe (weapon)
 D - a +0 morningstar
Missiles
 k - 43 poisoned darts
Armour
 d - a +0 robe (worn)
 z - a +0 leather armour
 B - a +0 kite shield
 C - a +1 pair of gloves (worn)
Jewellery
 g - a ring of protection from fire
 i - a +6 ring of dexterity
 n - a ring of poison resistance (left hand)
 q - a +4 ring of protection (right hand)
 r - a +6 ring of dexterity
 s - an amulet of reflection (around neck)
 y - the ring "Puof" {rF++ rN+++ MP+9 Str-5 Stlth+}
   (You took it off an orc wizard on level 4 of the Dungeon)

   [ring of magical power]

   Str:       It affects your strength (-5).
   rF:        It greatly protects you from fire.
   rN:        It renders you almost immune to negative energy.
   MP:        It affects your magic capacity (+9).
   Stlth:     It makes you more stealthy.
Scrolls
 f - 3 scrolls of identify
 h - a scroll of teleportation {unknown}
 j - 2 scrolls of magic mapping
 l - 2 scrolls of enchant armour {unknown}
 m - 2 scrolls of blinking {unknown}
 o - a scroll of immolation {unknown}
 p - a scroll of torment {unknown}
 t - a scroll of noise {unknown}
 v - a scroll of holy word {unknown}
 A - 2 scrolls of fear {unknown}
Potions
 c - 2 potions of flight
 e - a potion of lignification
 u - a potion of curing
 w - a potion of cancellation
 x - a potion of haste


   Skills:
 + Level 3.7 Fighting
 + Level 3.7 Short Blades
 + Level 3.7 Long Blades
 + Level 3.7 Axes
 + Level 3.7 Maces & Flails
 + Level 3.7 Polearms
 + Level 3.7 Staves
 + Level 3.7 Slings
 + Level 3.7 Bows
 + Level 3.7 Crossbows
 + Level 3.7 Throwing
 + Level 3.7 Armour
 + Level 6.0 Dodging
 + Level 5.6 Stealth
 + Level 3.7 Shields
 + Level 3.7 Unarmed Combat
 + Level 6.3 Spellcasting
 + Level 3.0 Conjurations
 + Level 3.0 Hexes
 + Level 3.0 Summonings
 + Level 3.0 Necromancy
 + Level 3.0 Translocations
 + Level 3.8 Transmutations
 + Level 3.0 Fire Magic
 + Level 3.0 Ice Magic
 + Level 3.0 Air Magic
 + Level 3.0 Earth Magic
 + Level 6.3 Poison Magic
 + Level 4.1 Invocations
 + Level 3.7 Evocations


You had 13 spell levels left.
You knew the following spells:

 Your Spells              Type           Power      Damage    Failure   Level
a - Sting                 Tmut/Pois      84%        1d7       1%          1
m - Mephitic Cloud        Conj/Pois/Air  18%        N/A       7%          3
v - Poisonous Vapours     Pois/Air       40%        N/A       3%          2

Your spell library contained the following spells:

 Spells                   Type           Power      Damage    Failure   Level
 Olgreb's Toxic Radiance  Pois           25%        N/A       10%         4
 Gell's Gravitas          Tloc           7%         N/A       12%         3
 Lesser Beckoning         Tloc           7%         N/A       12%         3
 Teleport Other           Tloc           14%        N/A       12%         3


Dungeon Overview and Level Annotations

Branches:
Dungeon (6/15)
 Temple: D:4-7

Altars:
Hepliaklqana
Qazlal
Ru
Yredelemnul

Shops:
D:1 !   D:5 [


Innate Abilities, Weirdness & Mutations

You have very sharp teeth.
Your uncanny sense of smell can sniff out nearby items.
Your experience applies equally to all skills.


Message History

* * * LOW HITPOINT WARNING * * *
The bullfrog hits you but does no damage.
The howler monkey skeleton hits you.
* * * LOW HITPOINT WARNING * * *
Casting: Mephitic Cloud (dangerous; 8% risk of failure)
Confirm with . or Enter, or press ? or * to list all spells.
Okay, then.
Aiming: Sting (safe; 1% risk of failure)
Press: ? - help, Q - select action, (/) - cycle Shift-Dir - straight line, f - howler monkey skeleton
Aim: a howler monkey skeleton (lightly damaged, 95% to hit)
Okay, then.
You hit the centaur zombie but do no damage.
The centaur zombie is severely damaged.
You hit the bullfrog. You slash the howler monkey skeleton!
You hit the scorpion but do no damage. You block the centaur zombie's attack.
The centaur zombie kicks you.
* * * LOW HITPOINT WARNING * * *
The scorpion barely misses you. The bullfrog hits you.
* * * LOW HITPOINT WARNING * * *
You block the centaur zombie's attack.
The centaur zombie kicks you but does no damage.
The howler monkey skeleton misses you. The scorpion stings you.
* * * LOW HITPOINT WARNING * * *
The bullfrog hits you but does no damage.
You slash the centaur zombie!
You destroy the centaur zombie!
You hit the scorpion.
You kill the scorpion!
You barely miss the howler monkey skeleton.
You barely miss the bullfrog.
The bullfrog hits you but does no damage.
The howler monkey skeleton barely misses you.
The bullfrog closely misses you.
The howler monkey skeleton barely misses you.
Your Dodging skill increases to level 6!
You barely miss the bullfrog.
The bullfrog is heavily wounded.
You hit the howler monkey skeleton. The bullfrog closely misses you.
The bullfrog hits you.
You die...

⌠.⌠ # ... ∆ ...
.⌠. ∆.. ##.#
###.### #.#
$...(#.....#..#
.....#.....#...
#.
..?.....Z...#
#.. #.@)..# ..#
∆ ∆#$F...# #..
.
###.#####.###.
#.....#......
.#..8..#.#..#
.....888...#.#
##.#..8..#$..#
#.#.....#..## #
###.###..#


You could see a bullfrog and a howler monkey skeleton.

Vanquished Creatures
  A water moccasin (D:4)
  4 black bears
  A necrophage (D:4)
  A centaur (D:4)
  A phantom (D:4)
  2 scorpions
  5 killer bees (D:5)
  2 howler monkeys
  A centaur zombie (D:6)
  A jelly (D:6)
  A hound (D:5)
  2 orc priests
  A bullfrog skeleton (D:5)
  A centaur skeleton (D:4)
  An iguana (D:5)
  3 orc wizards
  A killer bee zombie (D:6)
  A hound skeleton (D:5)
  7 adders
  An ufetubus (D:5)
  An adder skeleton (D:4)
  2 worms
  2 dart slugs (D:1)
  16 orcs
  11 endoplasms
  2 giant cockroaches (D:1)
  4 goblins
  8 hobgoblins
  9 jackals
  3 quokkas
  7 ball pythons
  7 bats
  4 frilled lizards
  A jackal skeleton (D:4)
  9 kobolds
  2 rats
126 creatures vanquished.

Vanquished Creatures (others)
  12 plants (D:5)
12 creatures vanquished.

Grand Total: 138 creatures vanquished

Notes
Turn   | Place    | Note
-------+----------+-------------------------------------------
     0 | D:1      | Rickety the Gnoll Venom Mage began the quest for the Orb.
     0 | D:1      | Reached XP level 1. HP: 13/13 MP: 6/6
   238 | D:1      | Reached XP level 2. HP: 19/19 MP: 2/7
   241 | D:1      | Learned a level 2 spell: Poisonous Vapours
   594 | D:1      | Reached XP level 3. HP: 25/25 MP: 5/9
   598 | D:1      | Learned a level 3 spell: Mephitic Cloud
   706 | D:1      | Reached skill level 5 in Spellcasting
  1009 | D:1      | Found Geong's Distillery.
  1068 | D:1      | Found a faded altar of an unknown god.
  1344 | D:2      | Reached skill level 1 in Invocations
  1428 | D:2      | Reached skill level 1 in Fighting
  1428 | D:2      | Reached skill level 1 in Short Blades
  1428 | D:2      | Reached skill level 1 in Long Blades
  1428 | D:2      | Reached skill level 1 in Axes
  1428 | D:2      | Reached skill level 1 in Maces & Flails
  1428 | D:2      | Reached skill level 1 in Polearms
  1428 | D:2      | Reached skill level 1 in Staves
  1428 | D:2      | Reached skill level 1 in Slings
  1428 | D:2      | Reached skill level 1 in Bows
  1428 | D:2      | Reached skill level 1 in Crossbows
  1428 | D:2      | Reached skill level 1 in Throwing
  1428 | D:2      | Reached skill level 1 in Armour
  1428 | D:2      | Reached skill level 1 in Shields
  1428 | D:2      | Reached skill level 1 in Unarmed Combat
  1428 | D:2      | Reached skill level 1 in Evocations
  1697 | D:2      | Reached XP level 4. HP: 32/32 MP: 8/11
  1850 | D:2      | Noticed a black bear
  1901 | D:2      | Killed a black bear
  1902 | D:2      | Reached skill level 1 in Conjurations
  1902 | D:2      | Reached skill level 1 in Hexes
  1902 | D:2      | Reached skill level 1 in Summonings
  1902 | D:2      | Reached skill level 1 in Necromancy
  1902 | D:2      | Reached skill level 1 in Translocations
  1902 | D:2      | Reached skill level 1 in Fire Magic
  1902 | D:2      | Reached skill level 1 in Ice Magic
  1902 | D:2      | Reached skill level 1 in Air Magic
  1902 | D:2      | Reached skill level 1 in Earth Magic
  1902 | D:2      | Reached XP level 5. HP: 11/37 MP: 7/12
  2129 | D:2      | Found a sacrificial altar of Ru.
  3187 | D:3      | Found a basalt altar of Yredelemnul.
  4108 | D:1      | Bought a potion of heal wounds for 55 gold pieces
  4108 | D:1      | Bought a potion of curing for 33 gold pieces
  4603 | D:4      | Identified the ring "Puof" {rF++ rN+++ MP+9 Str-5 Stlth+}
  4608 | D:4      | Reached XP level 6. HP: 44/44 MP: 5/13
  4841 | D:4      | Reached skill level 5 in Dodging
  5321 | D:4      | Reached XP level 7. HP: 50/50 MP: 15/15
  6185 | D:4      | Reached skill level 5 in Stealth
  6302 | D:5      | Entered Level 5 of the Dungeon
  6551 | D:5      | Reached XP level 8. HP: 55/57 MP: 6/16
  7139 | D:5      | Found a stormy altar of Qazlal.
  7171 | D:5      | Found a hazy altar of Hepliaklqana.
  7218 | D:5      | Found Huxzac's Armour Emporium.
  7834 | D:6      | HP: 2/59 [bullfrog (1)]
  7836 | D:6      | Slain by a bullfrog

Illustrated notes

Levels and vault maps discovered:
D:1:      sevenhm_arrival_forest_fort_small_3, layout_basic, serial_shops, shop,
          dilly_ecumenical_altar_fadedgnrine, kennysheep_doodads,
          corexii_item_surrounded_by_moat, minmay_door_square
D:2:      layout_loops_corners, basic_altar, kennysheep_cross_bottleneck
D:3:      layout_loops_ring, mainiacjoe_overflow_catwalk
D:4:      minmay_general_purpose_star, layout_loops_corners, wad_rectangle_vault
D:5:      layout_loops_ring, mainiacjoe_overflow_surrounded_room,
          nicolae_hepliaklqana_hazy_memory, serial_shops, kennysheep_mini
D:6:      layout_cave_pods, grunt_dithmenos_shadows,
          nicolae_sif_muna_condensation, zin_treasury, enter_ossuary_2,
          grunt_decor_one_mirror, minmay_chambers_of_fives

Skill      XL: |  1  2  3  4  5  6  7  8 |
---------------+-------------------------+-----
Transmutations | 2 3 |  3.8
Spellcasting   | 5 6 |  6.3
Invocations    | 1 2 3 4 |  4.1
Fighting       | 1 2 3 |  3.7
Short Blades   | 1 2 3 |  3.7
Long Blades    | 1 2 3 |  3.7
Axes           | 1 2 3 |  3.7
Maces & Flails | 1 2 3 |  3.7
Polearms       | 1 2 3 |  3.7
Staves         | 1 2 3 |  3.7
Slings         | 1 2 3 |  3.7
Bows           | 1 2 3 |  3.7
Crossbows      | 1 2 3 |  3.7
Throwing       | 1 2 3 |  3.7
Armour         | 1 2 3 |  3.7
Shields        | 1 2 3 |  3.7
Unarmed Combat | 1 2 3 |  3.7
Evocations     | 1 2 3 |  3.7
Conjurations   | 1 2 3 |  3.0
Hexes          | 1 2 3 |  3.0
Summonings     | 1 2 3 |  3.0
Necromancy     | 1 2 3 |  3.0
Translocations | 1 2 3 |  3.0
Fire Magic     | 1 2 3 |  3.0
Ice Magic      | 1 2 3 |  3.0
Air Magic      | 1 2 3 |  3.0
Earth Magic    | 1 2 3 |  3.0
Dodging        | 5 6 |  6.0
Stealth        | 5 |  5.6
Poison Magic   | 6 |  6.3

Action                   |  1- 3 |  4- 6 |  7- 9 || total
-------------------------+-------+-------+-------++-------
Melee: Unarmed           |     2 |       |       ||     2
       Dagger            |    26 |    57 |    40 ||   123
       Bite              |     2 |     8 |     6 ||    16
       Morningstar       |       |    27 |    41 ||    68
       Battleaxe         |       |       |    15 ||    15
       Punch             |       |       |     1 ||     1
 Cast: Sting             |    44 |    46 |    57 ||   147
       Poisonous Vapours |    13 |    21 |    28 ||    62
       Mephitic Cloud    |       |     8 |     9 ||    17
  Use: Potion            |       |     1 |     2 ||     3
       Scroll            |       |       |     6 ||     6
 Stab: Sleeping          |     2 |     2 |     2 ||     6
       Confused          |       |     4 |     3 ||     7
Armor: Robe              |    12 |    26 |    56 ||    94
Dodge: Dodged            |    47 |    63 |   141 ||   251
Block: Other             |       |    26 |    56 ||    82
